Map: Orbital Shipyard

Players

capac - Winner!

  • Race: Terran Terran
  • League: Gold

A.I. 1 (Elite)

  • Race: Terran Terran

VOD

Have the link to the VOD?

Description

Time

  • Played on: March 5, 2016, 2:38 p.m.
  • Length: 7:42
Show
View Real Time Build Order
Export as new Build Order

capac Terran - Winner!

Build Orders:  

Get SALT Encoding   

  12  0:01  SCV  
  13  0:13  SCV  
  14  0:19  Supply Depot  
  14  0:25  SCV  
  15  0:40  SCV  
  15  0:42  Barracks  
  16  0:46  Refinery  
  16  0:56  SCV  
  17  1:08  SCV  
  18  1:20  SCV  
  19  1:30  Barracks Reactor  
  19  1:32  SCV  
  20  1:38  Command Center  
  21  1:48  Orbital Command  
  20  1:54  Barracks  
  20  2:08  Marine x2  
  22  2:17  SCV  
  22  2:18  Factory  
  23  2:22  Refinery  
  23  2:37  Supply Depot  
  23  2:43  Barracks Tech Lab  
  23  2:49  Marine x2  
  25  2:56  Orbital Command  
  25  2:59  SCV  
  25  3:03  Supply Depot  
  25  3:04  Marine  
  27  3:08  Starport  
  27  3:11  SCV  
  28  3:14  Marine  
  29  3:30  Marine x2  
  29  3:32  Marine  
  29  3:33  SCV x2  
  34  3:42  Factory Tech Lab  
  34  3:45  SCV x2  
  36  3:49  Supply Depot  
  36  3:50  Marine  
  36  3:53  Stimpack  
  36  3:54  Starport Reactor  
  37  3:59  SCV  
  37  4:00  SCV  
  39  4:03  Marine  
  39  4:08  Siege Tank  
  43  4:12  Supply Depot  
  43  4:13  SCV  
  43  4:15  SCV  
  45  4:20  Marine x2  
  47  4:33  Medivac x2  
  47  4:34  SCV x2  
  47  4:35  Marine  
  47  4:37  Marine  
  55  4:44  Refinery  
  55  4:55  Marine x2  
  55  4:56  Marine  
  58  5:01  SCV x2  
  60  5:11  Medivac x2  
  60  5:13  Marine x2  
  66  5:14  Marine  
  66  5:19  Refinery  
  66  5:20  SCV x2  
  69  5:22  Supply Depot  
  69  5:35  Siege Tank  
  72  5:37  Marine x3  
  75  5:49  Engineering Bay  
  75  5:52  Engineering Bay  
  75  6:06  Marine x2  
  75  6:07  Marine  
  75  6:08  Siege Tank, SCV x2  
  75  6:10  Medivac  
  85  6:16  Supply Depot  
  85  6:17  Medivac  
  87  6:24  Marine x2, SCV x2  
  91  6:26  Marine  
  92  6:38  SCV  
  92  6:39  SCV  
  94  6:42  Marine x2  
  94  6:44  Marine  
  97  7:00  Marine x2  
  89  7:34  Command Center  
Show
View Real Time Build Order
Export as new Build Order

A.I. 1 (Elite) Terran 

Build Orders: MMM Bio 

Get SALT Encoding   

  12  0:00  SCV  
  13  0:13  SCV  
  14  0:19  Supply Depot  
  14  0:25  SCV  
  15  0:41  SCV  
  16  0:43  Barracks  
  16  0:53  SCV  
  17  1:05  SCV  
  18  1:17  SCV  
  18  1:18  Supply Depot  
  19  1:22  Refinery  
  19  1:29  SCV  
  19  1:31  Marine  
  21  1:41  SCV  
  22  1:49  Marine  
  22  1:50  Barracks  
  22  1:53  SCV  
  24  1:55  Refinery  
  24  2:02  Supply Depot  
  24  2:05  SCV  
  24  2:07  Marine  
  26  2:18  SCV  
  27  2:25  Marine  
  27  2:26  Factory  
  28  2:30  SCV  
  29  2:37  Marine  
  29  2:42  Marine, SCV  
  32  2:54  Marine, SCV  
  34  3:00  Marine  
  34  3:05  Barracks  
  35  3:06  SCV  
  35  3:12  Marine  
  36  3:18  SCV  
  36  3:19  Barracks Tech Lab  
  38  3:29  Starport, Factory Tech Lab  
  38  3:30  SCV  
  38  3:32  Supply Depot, Barracks Tech Lab  
  39  3:54  Marine x2, SCV  
  42  3:58  Stimpack  
  42  4:03  Combat Shields  
  42  4:06  Marine, SCV  
  44  4:12  Marine  
  45  4:18  SCV  
  46  4:30  SCV  
  47  4:33  Supply Depot  
  47  4:55  Marine x3, SCV, Medivac  
  47  4:57  Supply Depot  
  53  5:07  SCV  
  54  5:19  Ghost Academy, Marauder, SCV  
  54  5:21  Engineering Bay  
  57  5:23  Supply Depot, Command Center  
  57  5:31  SCV  
  58  5:45  Marauder  
  58  5:47  Terran Infantry Weapons Level 1  
  60  5:50  Marauder  
  61  6:02  Supply Depot  
  61  6:05  Ghost  
  63  6:11  Marauder  
  65  6:30  Engineering Bay, Barracks Reactor  
  65  6:32  Ghost  
  65  6:35  Marauder, SCV, Medivac  
  65  6:36  SCV  
  73  6:47  SCV  
  73  6:48  SCV  
  71  6:56  Marauder  
  71  6:59  SCV  
  71  7:01  Marine  
  59  7:11  SCV  
Tags
 
Composition
MMM Bio
League
Gold
Matchup
TvT
Race
Terran
Add a new tag
Caveats
  • Supply blocks, unpowered buildings, or Contaminate may cause inaccurate times.
  • Supply counts are checked every 10 seconds.